 Dungeon Crawl Stone Soup version 0.31-a0-408-gb642c7f9a3 (webtiles) character file.

Game seed: 13621099765274405040

128 horus123 the Magician (level 4, -2/24 HPs)
             Began as a Deep Elf Conjurer on July 30, 2023.
             Slain by a phantom (3 damage)
             ... on level 4 of the Dungeon.
             The game lasted 00:05:19 (3801 turns).

horus123 the Magician (Deep Elf Conjurer)           Turns: 3801, Time: 00:05:20

Health: -2/24      AC:  3    Str:  4    XL:     4   Next: 86%
Magic:  3/12       EV: 12    Int: 25    God:
Gold:   229        SH:  0    Dex: 13    Spells: 3/12 levels left

rFire   . . .        (no weapon)
rCold   . . .        (no shield)
rNeg    . . .        a - +0 robe
rPois   .            (no helmet)
rElec   .            (no cloak)
rCorr   .            c - +0 pair of gloves
SInv    .            (no boots)
Will    .....        (no amulet)
Stlth   ++           (no ring)
HPRegen 0.24/turn    (no ring)
MPRegen 0.13/turn

%: no passive effects
@: no status effects
A: no striking features
a: no special abilities


You were on level 4 of the Dungeon.
You visited 1 branch of the dungeon, and saw 4 of its levels.

You collected 229 gold pieces.

Inventory:

Armour
 a - a +0 robe (worn)
 c - a +0 pair of gloves (worn)
Scrolls
 e - 4 scrolls of teleportation {unknown}
 f - 2 scrolls of identify {unknown}
 g - a scroll of fog {unknown}
 i - a scroll of enchant armour {unknown}
Potions
 b - a potion of magic
 d - a potion of curing {unknown}
 h - 2 potions of berserk rage {unknown}


   Skills:
 - Level 2.4 Dodging
 - Level 2.4 Stealth
 - Level 4.9 Spellcasting
 - Level 4.3 Conjurations
 + Level 4.6 Hexes


You had 3 spell levels left.
You knew the following spells:

 Your Spells              Type           Power      Damage    Failure   Level
a - Magic Dart            Conj           100%       1d8       1%          1
b - Searing Ray           Conj           56%        2d6       1%          2
c - Dazzling Flash        Conj/Hex       56%        N/A       3%          3
d - Summon Guardian Gole  Hex/Summ       17%        N/A       10%         3

Your spell library contained the following spells:

 Spells                   Type           Power      Damage    Failure   Level
 Slow                     Hex            100%       N/A       1%          1
 Confusing Touch          Hex            29%        N/A       3%          3
 Tukima's Dance           Hex            29%        N/A       3%          3
 Summon Small Mammal      Summ           24%        N/A       9%          1
 Portal Projectile        Hex/Tloc       34%        N/A       10%         3
 Call Canine Familiar     Summ           6%         N/A       26%         3
 Vampiric Draining        Necr           6%         2d6       26%         3
 Fulminant Prism          Conj/Hex       14%        3d8       13%         4
 Iskenderun's Mystic Bla  Conj/Tloc      17%        2d5       32%         4


Dungeon Overview and Level Annotations

Branches:
Dungeon (4/15)
 Temple: D:4-7

Altars:
Hepliaklqana
Trog

Annotations:
D:2 1 runed translucent door, Crazy Yiuf


Message History

The phantom closely misses you.
Found a scroll labelled NINWOI YLOTWO.
The phantom attacks as you move away! The phantom hits you.
The phantom attacks as you move away! The phantom hits you.
The phantom attacks as you move away! The phantom hits you.
The phantom barely misses you.
There is a stone staircase leading up here.
The phantom hits you.
The phantom blinks!
You blink.
You stop ascending the stairs.
Okay, then.
Casting: Magic Dart (safe; 1% risk of failure)
Confirm with . or Enter, or press ? or * to list all spells.
Aiming: Searing Ray (safe; 1% risk of failure)
Press: ? - help, Shift-Dir - straight line, f/p - phantom
Aim: a phantom (71% to hit)
The searing ray hits the phantom.
The phantom is moderately damaged. (Press . to maintain the ray.)
The phantom hits you.
The searing ray hits the phantom.
The phantom is moderately damaged.
The phantom hits you.
* * * LOW HITPOINT WARNING * * *
The phantom blinks!
You blink.
Casting: Searing Ray (safe; 1% risk of failure)
Confirm with . or Enter, or press ? or * to list all spells.
Aiming: Searing Ray (safe; 1% risk of failure)
Press: ? - help, Shift-Dir - straight line, f/p - phantom
Aim: a phantom (moderately damaged, 71% to hit)
The searing ray hits the phantom.
The phantom is heavily damaged. (Press . to maintain the ray.)
The phantom hits you.
* * * LOW HITPOINT WARNING * * *
The searing ray misses the phantom.
The phantom hits you.
* * * LOW HITPOINT WARNING * * *
The searing ray hits the phantom!
The phantom is almost destroyed.
The phantom hits you.
You die...

#....†..............# ..
#................##.####.. #
............#...#.!...#...####.
##.............###§.....#.#...
########.....?..##.........##..
##..#......#...........#
#..###.##?............#
#................##
.........@........#
#.##......W..####..#
#.........# #... #.........#
####. ##.......... ##
#......###### #.####.# .. #.#


You could see a phantom.

Vanquished Creatures
  An iguana (D:4)
  2 adders
  An ufetubus (D:3)
  3 worms (D:2)
  A dart slug (D:4)
  5 orcs
  5 ball pythons
  8 endoplasms
  2 giant cockroaches
  5 hobgoblins
  4 jackals (D:4)
  5 kobolds
  3 quokkas
  5 bats
  4 frilled lizards
  4 goblins
  5 rats
63 creatures vanquished.

Notes
Turn   | Place    | Note
-------+----------+-------------------------------------------
     0 | D:1      | horus123 the Deep Elf Conjurer began the quest for the Orb.
     0 | D:1      | Reached XP level 1. HP: 10/10 MP: 6/6
   148 | D:1      | Reached XP level 2. HP: 15/15 MP: 3/9
  1228 | D:2      | Learned a level 2 spell: Searing Ray
  1552 | D:2      | Reached XP level 3. HP: 19/19 MP: 8/11
  1564 | D:2      | Learned a level 3 spell: Dazzling Flash
  1568 | D:2      | Learned a level 3 spell: Summon Guardian Golem
  1696 | D:2      | Reached skill level 1 in Hexes
  1790 | D:2      | Identified the +9 sling "Natadir" {freeze, +Blink}
  2401 | D:2      | Found a runed translucent door.
  2402 | D:2      | Noticed Crazy Yiuf
  2749 | D:3      | Found a bloodstained altar of Trog.
  2830 | D:3      | Reached XP level 4. HP: 24/24 MP: 10/12
  2966 | D:3      | Found a hazy altar of Hepliaklqana.
  3782 | D:4      | Noticed a phantom
  3800 | D:4      | HP: 1/24 [phantom (3)]
  3801 | D:4      | Slain by a phantom

Illustrated notes

Levels and vault maps discovered:
D:1:      psy_arrival_basics, layout_loops_ring, serial_bayou,
          serial_bayou_pond_a, serial_bayou_crossing, serial_bayou_lagoon_b,
          serial_bayou_shore_b, serial_bayou_pond_d, serial_bayou_ford_a,
          minmay_pentomino_w4
D:2:      layout_basic, uniq_crazy_yiuf_cottage
D:3:      layout_loops_cross, old_standard_altar, amcnicky_altar_gilded,
          serial_forest, infiniplex_forest_straight_2,
          infiniplex_forest_fountain, infiniplex_forest_clump_tiny,
          infiniplex_forest_zigzag_2, infiniplex_forest_end_3,
          infiniplex_forest_end_2, kennysheep_generic_room_12
D:4:      layout_rooms

Skill      XL: |  1  2  3  4 |
---------------+-------------+-----
Spellcasting   | 4 |  4.9
Hexes          | 3 4 |  4.6
Dodging        | |  2.4
Stealth        | |  2.4
Conjurations   | |  4.3

Action                     |  1- 3 |  4- 6 || total
---------------------------+-------+-------++-------
   Cast: Magic Dart        |    82 |    39 ||   121
         Searing Ray       |     2 |     3 ||     5
 Armour: Robe              |     3 |       ||     3
  Dodge: Dodged            |     3 |     2 ||     5

Table legend: (Time is in decaauts)
 A = Elapsed time spent in this place.
 B = Non-inter-level travel time spent in this place.
 C = Inter-level travel time spent in this place.
 D = Time resting spent in this place.
 E = Time spent auto-exploring this place.
 F = Levels seen in this place.
 G = Mean time per level.
                   A        B        C        D        E       F      G
               +--------+--------+--------+--------+--------+-----+--------+
         Total |   3870 |   3763 |    107 |    233 |   3177 |   4 |  967.5 |
       Dungeon |   3870 |   3763 |    107 |    233 |   3177 |   4 |  967.5 |
               +--------+--------+--------+--------+--------+-----+--------+

Top non-repeatable levels by time:
     D:2: 1366 daAuts
     D:1: 1337 daAuts
     D:3: 898 daAuts
     D:4: 267 daAuts
